 Dungeon Crawl Stone Soup version 0.31-a0-703-gcfe89afef6 (webtiles) character file.

Game seed: 10571047811563368431

19849 arthad the Grappler (level 12, -13/84 HPs)
             Began as an Octopode Shapeshifter on Sept 8, 2023.
             Was an Initiate of Gozag.
             Killed from afar by a gargoyle (18 damage)
             ... with a stone arrow
             ... on level 12 of the Dungeon.
             The game lasted 00:34:34 (10924 turns).

arthad the Grappler (Octopode Shapeshifter)        Turns: 10924, Time: 00:34:34

Health: -13/84     AC:  7    Str: 21    XL:     12   Next: 73%
Magic:  10/29      EV: 23    Int: 25    God:    Gozag
Gold:   1888       SH:  6    Dex: 17    Spells: 10/22 levels left

rFire   . .          .
                       - Unarmed
rCold   . . .        i - +0 buckler
rNeg    . . .        (helmet currently unavailable)
rPois   .            q - amulet of magic regeneration
rElec   .            n - ring of magical power
rCorr   .            s - ring "Mudweqaf" {Fly Str+3 Dex+6}
SInv    +            v - +5 ring of evasion
Will    .....        u - ring of see invisible
Stlth   +++++        K - +4 ring of protection
HPRegen 1.14/turn    U - +6 ring of intelligence
MPRegen 0.61/turn    (no ring)
                     t - +6 ring of intelligence

%: no passive effects
@: about to teleport, beast-form, gold aura, flying, hasted, very quick
A: beast (slay +4), almost no armour, amphibious, 8 rings, camouflage 1,
gelatinous body 1, (nimble swimmer 1), tentacles, iridescent scales 1,
regeneration 1
a: Begin Untransformation, Renounce Religion, Potion Petition, Call Merchant,
Bribe Branch


You were on level 12 of the Dungeon.
You worshipped Gozag.
Gozag was most pleased with you.
You were a hulking beast.
You visited 1 branch of the dungeon, and saw 12 of its levels.
You also visited: Ossuary.

You collected 2406 gold pieces.
You spent 440 gold pieces at shops.
You paid 78 gold pieces to Gozag.

Inventory:

Missiles
 a - a throwing net
 j - 6 poisoned darts
 J - 2 curare-tipped darts
 N - 4 datura-tipped darts
 O - 9 boomerangs (quivered)
Armour
 i - a +0 buckler (worn)
 l - a scarf of shadows
 p - a +1 hat
Jewellery
 h - a ring of ice
 n - a ring of magical power (left tentacle)
 q - an amulet of magic regeneration (around mantle)
 s - the ring "Mudweqaf" (right tentacle) {Fly Str+3 Dex+6}
   (You found it on level 3 of the Dungeon)

   [ring of dexterity]

   Str+3:     It affects your strength (+3).
   Dex+6:     It affects your dexterity (+6).
   Fly:       It grants you flight.
 t - a +6 ring of intelligence (on tentacle)
 u - a ring of see invisible (on tentacle)
 v - a +5 ring of evasion (on tentacle)
 K - a +4 ring of protection (on tentacle)
 U - a +6 ring of intelligence (on tentacle)
Talismans
 b - a beast talisman (active)
 c - a flux talisman
 f - a serpent talisman
Wands
 L - a wand of digging (5)
Scrolls
 d - 7 scrolls of teleportation
 e - 3 scrolls of revelation
 g - 3 scrolls of immolation
 m - a scroll of noise
 r - 2 scrolls of fear
 w - 2 scrolls of blinking
 D - 4 scrolls of enchant armour
 F - a scroll of brand weapon
 G - 3 scrolls of vulnerability
 I - a scroll of identify
 M - 2 scrolls of fog
 T - a scroll of enchant weapon
Potions
 k - 6 potions of heal wounds
 o - 3 potions of brilliance
 z - a potion of attraction
 A - 2 potions of might
 B - 4 potions of curing
 C - a potion of degeneration
 E - 4 potions of mutation
 P - a potion of lignification
 S - 4 potions of enlightenment


   Skills:
 * Level 8.4 Fighting
 * Level 8.7 Dodging
 + Level 8.9 Stealth
 + Level 6.2 Shields
 * Level 9.0 Unarmed Combat
 + Level 5.5 Spellcasting
 + Level 6.0 Translocations
 * Level 8.3 Shapeshifting


You had 10 spell levels left.
You knew the following spells:

 Your Spells              Type           Power      Damage    Failure   Level
a - Blink                 Tloc           74%        N/A       1%          2
b - Gell's Gravitas       Tloc           37%        N/A       2%          3
c - Teleport Other        Tloc           37%        N/A       2%          3
d - Manifold Assault      Tloc           37%        N/A       8%          4

Your spell library contained the following spells:

 Spells                   Type           Power      Damage    Failure   Level
 Freeze                   Ice            24%        1d4       10%         1
 Shock                    Conj/Air       24%        1d4       10%         1
 Cigotuvi's Dreadful Rot  Necr/Pois/Air  12%        N/A       14%         2
 Poisonous Vapours        Pois/Air       12%        N/A       14%         2
 Dimensional Bullseye     Hex/Tloc       10%        N/A       26%         4
 Iskenderun's Mystic Bla  Conj/Tloc      21%        2d6       26%         4
 Vhi's Electric Charge    Tloc/Air       42%        N/A       26%         4
 Dazzling Flash           Conj/Hex       12%        N/A       28%         3
 Frozen Ramparts          Ice            12%        1d2       28%         3
 Hailstorm                Conj/Ice       6%         3d4       28%         3
 Inner Flame              Hex/Fire       6%         N/A       28%         3
 Mephitic Cloud           Conj/Pois/Air  6%         N/A       28%         3
 Ozocubu's Armour         Ice            6%         N/A       28%         3
 Summon Guardian Golem    Hex/Summ       6%         N/A       28%         3
 Swiftness                Air            6%         N/A       28%         3
 Tukima's Dance           Hex            6%         N/A       28%         3
 Airstrike                Air            3%         2d(1-17)  67%         4
 Flame Wave               Conj/Fire      6%         2d5       67%         4
 Sticky Flame             Conj/Fire      6%         2d3       67%         4
 Summon Lightning Spire   Summ/Air       6%         N/A       67%         4
 Agony                    Necr           6%         N/A       95%         5
 Arcjolt                  Conj/Air       3%         1d13      95%         5
 Borgnjor's Vile Clutch   Necr/Erth      3%         N/A       95%         5
 Freezing Cloud           Conj/Ice/Air   3%         6-21      95%         5
 Lee's Rapid Deconstruct  Erth           3%         3d5*      95%         5
 Metabolic Englaciation   Hex/Ice        3%         N/A       95%         5
 Silence                  Hex/Air        3%         N/A       95%         5
 Death Channel            Necr           3%         N/A       100%        6
 Plasma Beam              Fire/Air       3%         2x1d13    100%        6
 Animate Armour           Summ/Erth      Unusable   N/A       N/A         4
 Animate Dead             Necr           Unusable   N/A       N/A         4

Dungeon Overview and Level Annotations

Branches:
Dungeon (12/15)            Temple (0/1) D:7            Lair (0/5) D:8
    Orc (0/2) D:10        Ossuary (visited)

Altars:
Ashenzari
Cheibriados
Dithmenos
Elyvilon
Gozag
Hepliaklqana
Makhleb
Nemelex Xobeh
Okawaru
Qazlal
Ru
Uskayaw
Xom
Yredelemnul
Zin

Shops:
D:5 !   D:6 ?::   D:9 !

Annotations:
D:7 1 runed translucent door, randomguy2701's ghost, novice HOFi


Innate Abilities, Weirdness & Mutations

You are a hulking beast.
Your limbs bulge with bestial killing power. (Slay +4)
You cannot wear most types of armour.
You are amphibious.
You can wear up to eight rings at the same time.
Your skin changes colour to match your surroundings (Stealth+).
Your rubbery body absorbs attacks. (AC +1, EV +1)
((You are camouflaged when in or above water. (Stealth+)))
You have tentacles for arms and can constrict up to eight enemies at once.
You are partially covered in iridescent scales. (AC +2)
Your natural rate of healing is unusually fast.


Message History

The komodo dragon bites you!!
* * * LOW HITPOINT WARNING * * *
The eight-headed hydra completely misses you.
The eight-headed hydra misses you.
The eight-headed hydra barely misses you.
The eight-headed hydra closely misses you.
You block the eight-headed hydra's attack.
The eight-headed hydra closely misses you.
The eight-headed hydra misses you. The eight-headed hydra bites you.
* * * LOW HITPOINT WARNING * * *
The orc priest is distracted by your dazzling golden aura.
The orc wizard gestures wildly while chanting.
The orc wizard flickers and vanishes for a moment.
The orc priest shouts!
The komodo dragon is distracted by your dazzling golden aura.
Your surroundings suddenly seem different.
A gargoyle, a manticore, a raiju, a shadow, a vampire mosquito, a two-headed ogre and a cyclops come into view.
Unknown command.
As you read the scroll of teleportation, it crumbles to dust.
You feel strangely unstable.
The helpless manticore fails to defend itself.
You tentacle-slap the manticore.
The manticore is lightly wounded.
You bludgeon the manticore! You tentacle-slap the manticore.
You squeeze the manticore!
The manticore is severely wounded.
The manticore closely misses you. The manticore misses you.
The manticore claws you but does no damage.
You bludgeon the manticore! You squeeze the manticore.
The manticore is almost dead.
You tentacle-slap the manticore.
The manticore is almost dead.
The vampire mosquito buzzes angrily.
You hear a shout! x2
The manticore is distracted by your dazzling golden aura.
The shadow hits you!
* * * LOW HITPOINT WARNING * * *
The gargoyle hurls a stone arrow at you.
The stone arrow hits you!!
You die...
Your body crumbles into a pile of gold.

#.# #.# #.# #.#
#####.# ......#
#######
############
...9..H....###
.......h.....#
.......W......#
.h............#
.######........
###....C.
#..... y....
###### #..O.
##....##


You could see a two-headed ogre (wandering), a manticore (unaware), a cyclops
(wandering), a raiju (asleep), a vampire mosquito, a gargoyle and a shadow.

Vanquished Creatures
  Rupert (D:12)
  Gastronok (D:11)
  Erolcha (D:12)
  A boulder beetle (D:12)
  A two-headed ogre (D:12)
  Nergalle (D:11)
  3 deep elf pyromancers (D:12)
  6 deep elf zephyrmancers (D:12)
  A cyclops (D:12)
  A manticore (D:11)
  An ugly thing (D:12)
  Joseph (D:7)
  A gargoyle (D:12)
  4 unseen horrors
  A komodo dragon (D:11)
  A hornet (D:10)
  2 trolls
  Prince Ribbit (D:5)
  A slime creature (D:12)
  A water elemental (D:12)
  Sigmund (D:6)
  A vampire (D:10)
  Eustachio (D:6)
  2 wyverns
  4 yaks (D:10)
  A wraith (D:9)
  A basilisk (D:11)
  Edmund (D:5)
  Menkaure (D:7)
  3 water moccasins
  An acid dragon (D:12)
  6 orc warriors
  Duvessa (D:6)
  3 ice beasts
  A sky beast (D:7)
  5 centaurs
  A phantom (D:6)
  3 kobold brigands
  2 bullfrogs
  3 gnoll sergeants
  A scorpion (D:5)
  4 water moccasin zombies (Ossuary)
  10 wights
  Dowan (D:6)
  4 killer bees (D:9)
  5 electric eels
  4 howler monkeys
  2 jellies
  9 orc priests
  2 gnoll boudas
  A hound (D:5)
  Terence (D:2)
  2 sleepcaps
  Jessica (D:2)
  14 orc wizards
  Ijyb (D:3)
  5 iguanas
  2 mummies (Ossuary)
  6 adders
  19 gnolls
  A shadow imp (D:7)
  2 white imps
  An ufetubus (D:7)
  6 adder zombies (Ossuary)
  2 worms
  5 dart slugs
  27 orcs
  6 ball pythons
  7 endoplasms
  3 giant cockroaches
  4 hobgoblins
  4 jackals (D:4)
  11 bats
  5 frilled lizards
  3 gnoll zombies (Ossuary)
  14 goblins
  4 hobgoblin zombies (Ossuary)
  24 kobolds
  6 kobold zombies (Ossuary)
  2 orc zombies (Ossuary)
  7 rats
311 creatures vanquished.

Notes
Turn   | Place    | Note
-------+----------+-------------------------------------------
     0 | D:1      | arthad the Octopode Shapeshifter began the quest for the
                  | Orb.
     0 | D:1      | Reached XP level 1. HP: 13/13 MP: 1/1
   219 | D:1      | Reached XP level 2. HP: 12/18 MP: 2/2
   520 | D:1      | Reached XP level 3. HP: 23/23 MP: 3/3
   719 | D:2      | Noticed Jessica
   721 | D:2      | Noticed Terence
   748 | D:2      | Killed Terence
   749 | D:2      | Reached skill level 1 in Stealth
   749 | D:2      | Reached XP level 4. HP: 28/29 MP: 4/4
   753 | D:2      | Killed Jessica
   754 | D:2      | Reached skill level 1 in Shields
   942 | D:2      | Reached XP level 5. HP: 29/34 MP: 5/5
  1235 | D:2      | Learned a level 2 spell: Blink
  1408 | D:3      | Identified the ring "Mudweqaf" {Fly Str+3 Dex+6}
  1630 | D:3      | Noticed Ijyb
  1650 | D:3      | Killed Ijyb
  1651 | D:3      | Reached skill level 1 in Translocations
  1935 | D:4      | Found an opulent altar of Gozag.
  1973 | D:4      | Became a worshipper of Gozag Ym Sagoz the Greedy
  2007 | D:4      | Reached skill level 1 in Spellcasting
  2313 | D:4      | Found a shimmering altar of Xom.
  2480 | D:5      | Entered Level 5 of the Dungeon
  2575 | D:5      | Reached XP level 6. HP: 41/41 MP: 7/7
  2584 | D:5      | Reached skill level 4 in Unarmed Combat
  2740 | D:5      | Found Xext's Distillery.
  2750 | D:5      | Bought a potion of heal wounds for 60 gold pieces
  2750 | D:5      | Bought a potion of might for 48 gold pieces
  2750 | D:5      | Bought a potion of curing for 36 gold pieces
  2750 | D:5      | Bought a potion of curing for 36 gold pieces
  2902 | D:5      | Noticed Edmund
  2913 | D:5      | Killed Edmund
  2914 | D:5      | Reached XP level 7. HP: 34/46 MP: 9/9
  3244 | D:5      | Found a sacrificial altar of Ru.
  3270 | D:5      | Noticed Prince Ribbit
  3285 | D:5      | Killed Prince Ribbit
  3286 | D:5      | Reached XP level 8. HP: 39/52 MP: 10/10
  3367 | D:5      | Found a hazy altar of Hepliaklqana.
  3761 | D:6      | Noticed Sigmund
  3761 | D:6      | Found a snail-covered altar of Cheibriados.
  3763 | D:6      | Killed Sigmund
  3800 | D:6      | Reached skill level 5 in Unarmed Combat
  3998 | D:6      | Found Utoopn's Book Shop.
  3999 | D:6      | Found Duwnux's Magic Scroll Shop.
  3999 | D:6      | Found Qeutim's Book Shop.
  4373 | D:6      | Found a shadowy altar of Dithmenos.
  4393 | D:6      | Found a sand-covered staircase.
  4400 | Ossuary  | Entered an ossuary
  4418 | Ossuary  | Reached XP level 9. HP: 58/59 MP: 12/12
  4520 | Ossuary  | Reached skill level 5 in Dodging
  4520 | Ossuary  | Reached skill level 5 in Shapeshifting
  5174 | D:6      | Noticed Duvessa
  5183 | D:6      | Killed Duvessa
  5183 | D:6      | Noticed Dowan
  5184 | D:6      | Reached skill level 5 in Fighting
  5186 | D:6      | Killed Dowan
  5187 | D:6      | Reached skill level 5 in Stealth
  5240 | D:6      | Noticed Eustachio
  5247 | D:6      | Killed Eustachio
  5392 | D:7      | Reached skill level 6 in Unarmed Combat
  5537 | D:7      | Found a staircase to the Ecumenical Temple.
  5589 | D:7      | Noticed Menkaure
  5598 | D:7      | Killed Menkaure
  5680 | D:7      | Reached XP level 10. HP: 66/66 MP: 15/15
  5733 | D:7      | Noticed Joseph
  5752 | D:7      | Gained mutation: Your natural rate of healing is unusually
                  | fast. [potion of mutation]
  5752 | D:7      | Gained mutation: You are partially covered in iridescent
                  | scales. (AC +2) [potion of mutation]
  5838 | D:7      | Killed Joseph
  5880 | D:7      | Found a runed translucent door.
  5886 | D:7      | Noticed randomguy2701's ghost (novice HOFi)
  6135 | D:7      | Found a burning altar of Makhleb.
  6140 | D:7      | Found a glowing silver altar of Zin.
  6140 | D:7      | Noticed an angel
  6141 | D:7      | Noticed a blizzard demon
  6398 | D:8      | Found an iron altar of Okawaru.
  6561 | D:8      | Found a staircase to the Lair.
  7122 | D:9      | Found a broken altar of Ashenzari.
  7414 | D:9      | Found Nymuso's Distillery.
  7513 | D:9      | Bought 2 potions of heal wounds for 130 gold pieces
  7513 | D:9      | Bought a potion of haste for 130 gold pieces
  7652 | D:9      | Reached skill level 7 in Unarmed Combat
  7726 | D:9      | Found a white marble altar of Elyvilon.
  7727 | D:9      | Found a stormy altar of Qazlal.
  7728 | D:9      | Found a sparkling altar of Nemelex Xobeh.
  7731 | D:9      | Found a hide-covered altar of Uskayaw.
  7738 | D:9      | Found a basalt altar of Yredelemnul.
  7876 | D:10     | Entered Level 10 of the Dungeon
  8131 | D:10     | Reached XP level 11. HP: 69/74 MP: 17/17
  8163 | D:10     | Found a staircase to the Orcish Mines.
  8540 | D:10     | Got Bagol's Simple Hermetics
  8900 | D:11     | Reached skill level 5 in Shields
  8943 | D:11     | Got Wealy's Codex of Gelid Putridity
  8961 | D:11     | Noticed Nergalle
  8974 | D:11     | Killed Nergalle
  9143 | D:11     | Noticed Gastronok
  9459 | D:11     | Noticed a manticore
  9472 | D:11     | Killed a manticore
  9712 | D:11     | Killed Gastronok
  9713 | D:11     | Reached skill level 5 in Translocations
  9757 | D:11     | Upgraded the game from 0.31-a0-702-gf82c85558f to
                  | 0.31-a0-703-gcfe89afef6
  9953 | D:12     | Noticed a deep elf zephyrmancer
  9953 | D:12     | Noticed a deep elf zephyrmancer
  9954 | D:12     | Noticed a deep elf zephyrmancer
  9955 | D:12     | Noticed a deep elf zephyrmancer
  9956 | D:12     | Noticed a deep elf pyromancer
  9957 | D:12     | Noticed a deep elf pyromancer
 10063 | D:12     | Reached skill level 8 in Unarmed Combat
 10119 | D:12     | Noticed a boulder beetle
 10119 | D:12     | Noticed a cyclops
 10167 | D:12     | Killed a boulder beetle
 10234 | D:12     | Noticed a four-headed hydra
 10234 | D:12     | Noticed a cyclops
 10349 | D:12     | Noticed a deep elf zephyrmancer
 10361 | D:12     | Killed a deep elf zephyrmancer
 10362 | D:12     | Reached skill level 5 in Spellcasting
 10367 | D:12     | Killed a deep elf zephyrmancer
 10368 | D:12     | Reached XP level 12. HP: 37/82 MP: 19/19
 10482 | D:12     | Learned a level 3 spell: Gell's Gravitas
 10486 | D:12     | Learned a level 3 spell: Teleport Other
 10491 | D:12     | Learned a level 4 spell: Manifold Assault
 10707 | D:12     | Noticed a two-headed ogre
 10730 | D:12     | Killed a two-headed ogre
 10873 | D:12     | Noticed Erolcha
 10879 | D:12     | Killed Erolcha
 10895 | D:12     | Noticed Rupert
 10908 | D:12     | Killed Rupert
 10909 | D:12     | Reached skill level 9 in Unarmed Combat
 10911 | D:12     | Noticed an eight-headed hydra
 10919 | D:12     | Noticed a two-headed ogre
 10924 | D:12     | Killed from afar by a gargoyle

Illustrated notes

Levels and vault maps discovered:
D:1:      dpeg_arrival_ratfight, layout_basic
D:2:      layout_basic, feat_on_display, uniq_terence, uniq_jessica
D:3:      kennysheep_the_goblin_king, layout_rooms
D:4:      layout_gridville, nicolae_gozag_seed_capital, lemuel_doored_altar
D:5:      minmay_general_purpose_star, layout_gridville,
          nzn_hepliaklqana_mist_gate, mainiacjoe_overflow_concentric_impassable,
          serial_shops, shop, uniq_edmund, uniq_prince_ribbit1
D:6:      layout_loops_ring, lemuel_crystal_altar, slow_altar_1,
          enter_ossuary_1, nicolae_shop_distant_corner_stores, uniq_eustachio,
          uniq_sigmund, uniq_duvessa
D:7:      layout_rooms, grunt_temple_overflow_order_and_chaos_2,
          minmay_temple_entry_glassed_door, ebering_ghost_reflecting_pool,
          uniq_menkaure, uniq_joseph
D:8:      layout_gridville, okawaru_gym_becter, dpeg_oklobed_lair
D:9:      layout_gridville, eat_drink_and_be_merry_uskayaw,
          evilmike_ruin_ashenzari, mainiacjoe_overflow_alcove_3,
          nicolae_inconvenience_store
D:10:     erik_rubicon_b, layout_basic, minmay_orc_entry_temple_small
D:11:     layout_roguey, minmay_hedge_maze, glass_columns_b, uniq_gastronok,
          uniq_nergalle
D:12:     minmay_nested_s, layout_basic, elves_outpost_lemuel, uniq_erolcha,
          uniq_rupert

Skill      XL: |  1  2  3  4  5  6  7  8  9 10 11 12 |
---------------+-------------------------------------+-----
Stealth        | 1 2 3 4 5 6 8 |  8.9
Fighting       | 2 3 4 5 6 7 8 |  8.4
Shields        | 1 2 3 4 5 6 |  6.2
Translocations | 1 2 3 4 5 6 |  6.0
Dodging        | 3 4 5 6 7 8 |  8.7
Spellcasting   | 1 2 3 4 5 |  5.5
Unarmed Combat | 4 5 6 7 8 9 |  9.0
Shapeshifting  | 4 5 6 7 8 |  8.3

Action                     |  1- 3 |  4- 6 |  7- 9 | 10-12 || total
---------------------------+-------+-------+-------+-------++-------
  Melee: Unarmed           |    65 |   112 |   237 |   481 ||   895
         Constrict         |    12 |    24 |    61 |    74 ||   171
         Tentacles         |     9 |    21 |    65 |   147 ||   242
         Punch             |     1 |     4 |     9 |    25 ||    39
  Throw: Throwing net      |       |       |     1 |     1 ||     2
         Dart              |       |       |     2 |    38 ||    40
         Boomerang         |       |       |       |    52 ||    52
   Cast: Blink             |       |       |     1 |       ||     1
         Manifold Assault  |       |       |       |    18 ||    18
  Evoke: Wand              |       |       |     4 |    20 ||    24
    Use: Potion            |     4 |     1 |     1 |     5 ||    11
         Scroll            |       |       |    12 |    14 ||    26
   Stab: Sleeping          |     5 |    16 |    13 |    14 ||    48
         Distracted        |       |     2 |     2 |     5 ||     9
 Armour: Skin              |    27 |    36 |    60 |   160 ||   283
  Dodge: Dodged            |    33 |    50 |   130 |   309 ||   522
  Block: Buckler           |     4 |    13 |    51 |    95 ||   163

Table legend: (Time is in decaauts)
 A = Elapsed time spent in this place.
 B = Non-inter-level travel time spent in this place.
 C = Inter-level travel time spent in this place.
 D = Time resting spent in this place.
 E = Time spent auto-exploring this place.
 F = Levels seen in this place.
 G = Mean time per level.
                   A        B        C        D        E       F      G
               +--------+--------+--------+--------+--------+-----+--------+
         Total |  10872 |  10371 |    501 |    294 |   7551 |  13 |  836.3 |
       Dungeon |  10587 |  10086 |    501 |    294 |   7352 |  12 |  882.2 |
       Ossuary |    285 |    285 |      0 |      0 |    199 |   1 |  285.0 |
               +--------+--------+--------+--------+--------+-----+--------+

Top non-repeatable levels by time:
     D:6: 1330 daAuts
     D:5: 1277 daAuts
    D:11: 1061 daAuts
    D:10: 1057 daAuts
     D:8: 912 daAuts
    D:12: 903 daAuts
     D:7: 825 daAuts
     D:9: 745 daAuts
     D:1: 688 daAuts
     D:4: 650 daAuts
     D:2: 615 daAuts
     D:3: 520 daAuts
 Ossuary: 285 daAuts
